 Dungeon Crawl Stone Soup version 0.26.1-11-gd32895ea62 (webtiles) character file.

Game seed: 13221772872952828352

58 jlumianski the Caller (level 3, -2/14 HPs)
             Began as a Felid Summoner on May 13, 2021.
             Was an Initiate of Dithmenos.
             Killed by divine providence
             ... invoked by an orc priest
              (16 damage)
             ... on level 3 of the Dungeon.
             The game lasted 00:10:34 (2720 turns).

jlumianski the Caller (Felid Summoner)              Turns: 2720, Time: 00:10:35

Health: -2/14      AC:  1    Str:  4    XL:     3   Next: 75%
Magic:  4/8        EV: 18    Int: 17    God:    Dithmenos [......]
Gold:   169        SH:  0    Dex: 16    Spells: 4/7 levels left
                                        Lives:  0   Deaths: 0

rFire    + . .     SeeInvis +   (weapon unavailable)
rCold    . . .     Faith    .   (shield unavailable)
rNeg     . . .     Spirit   .   (armour unavailable)
rPois    .         Reflect  .   (helmet unavailable)
rElec    .         Harm     .   (cloak unavailable)
rCorr    .         Rampage  .   (gloves unavailable)
Will     .....                  (boots unavailable)
Stlth    +++.......             (no amulet)
HPRegen  0.04/turn              g - ring of protection from fire
MPRegen  0.11/turn              (no ring)

@: quick
A: very small, no armour, no weapons or thrown items, stealth, claws 1, fangs 3,
see invisible, speed 1, shaggy fur 1, sharp paws
a: Renounce Religion


You were on level 3 of the Dungeon.
You worshipped Dithmenos.
Dithmenos was noncommittal.
You visited 1 branch of the dungeon, and saw 3 of its levels.

You collected 169 gold pieces.

Inventory:

Jewellery
 g - a ring of protection from fire (left paw)
 h - an uncursed ring of fire
Scrolls
 a - a scroll of amnesia {unknown}
 d - a scroll of random uselessness {unknown}
 e - a scroll of teleportation {unknown}
 j - a scroll of identify
 k - a scroll of remove curse {unknown}
Potions
 b - a potion of brilliance {unknown}
 c - a potion of invisibility {unknown}
 f - a potion of resistance {unknown}
 i - a potion of attraction {unknown}


   Skills:
 + Level 2.6 Dodging
 + Level 3.0 Stealth
 + Level 0.4 Unarmed Combat
 + Level 2.7 Spellcasting
 + Level 4.8 Summonings


You had 4 spell levels left.
You knew the following spells:

 Your Spells              Type           Power        Failure   Level
a - Summon Small Mammal   Summ           72%          2%          1
b - Call Imp              Summ           18%          3%          2

Your spell library contained the following spells:

 Spells                   Type           Power        Failure   Level
 Call Canine Familiar     Summ           18%          8%          3
 Summon Guardian Golem    Hex/Summ       10%          21%         3
 Summon Ice Beast         Ice/Summ       10%          54%         4
 Summon Lightning Spire   Summ/Air       10%          54%         4


Dungeon Overview and Level Annotations

Branches:
Dungeon (3/15)

Altars:
Dithmenos


Innate Abilities, Weirdness & Mutations

You cannot wear armour.
You are incapable of wielding weapons or throwing items.
Your paws allow you to move quietly. (Stealth)
You have sharp claws.
You have razor-sharp teeth.
You have supernaturally acute eyesight. (SInv)
You cover ground quickly.
You are covered in fur. (AC +1)
Your sharp claws are effective at attacking unaware monsters.


Message History

Confirm with . or Enter, or press ? or * to list all spells.
A beastly little devil appears in a puff of flame.
An orc priest comes into view.
It is wielding a +0 falchion of freezing.
An orc wizard comes into view. It is wielding a +0 dagger.
The orc priest calls down the wrath of Beogh upon you.
You barely resist. What are your orders? t - Meow!
Orders for allies: a - Attack new target. r - Retreat! s - Stop attacking. g - Guard the area. f - Follow me.
Anything else - Cancel.
Gang up on whom?
Press: ? - help, Dir - move target, f - orc priest
Aim: an orc priest, wielding a +0 dagger and wearing a cursed +0 chain mail Attack!
The orc priest calls down the wrath of Beogh upon you.
Beogh smites you!
Ouch! That really hurt!
You die...

.....#
....>.
.[....
.....######
+........#
+........+
#...$....#
#5.@#
.....5.##
..$....
...oo##
...oo ....
... ...


You could see 2 orc priests, an orc wizard, an orc and 2 friendly crimson imps.

Vanquished Creatures
  A leopard gecko (D:1)
  A giant cockroach (D:2)
  A bat (D:1)
  2 frilled lizards
  6 rats (D:1)
11 creatures vanquished.

Vanquished Creatures (collateral kills)
  Crazy Yiuf (D:2)
  An adder (D:2)
  2 dart slugs (D:1)
  2 leopard geckos (D:2)
  3 giant cockroaches (D:1)
  6 goblins
  3 hobgoblins
  4 jackals (D:1)
  6 bats
  2 frilled lizards (D:2)
  6 kobolds
  5 rats (D:1)
41 creatures vanquished.

Grand Total: 52 creatures vanquished

Notes
Turn   | Place    | Note
-------+----------+-------------------------------------------
     0 | D:1      | jlumianski the Felid Summoner began the quest for the Orb.
     0 | D:1      | Reached XP level 1. HP: 7/7 MP: 4/4
   721 | D:1      | Reached XP level 2. HP: 11/11 MP: 0/6
   819 | D:1      | Learned a level 2 spell: Call Imp
  1815 | D:2      | Reached XP level 3. HP: 14/14 MP: 0/7
  2239 | D:2      | Found a shadowy altar of Dithmenos.
  2288 | D:2      | Became a worshipper of Dithmenos the Shadowed
  2530 | D:2      | Found a runed translucent door.
  2531 | D:2      | Noticed Crazy Yiuf
  2561 | D:2      | Killed Crazy Yiuf
  2720 | D:3      | Killed from afar by an orc priest

Illustrated notes

Levels and vault maps discovered:
D:1:      nicolae_arrival_washed_ashore, layout_basic, skrybe_limestone_x,
          minmay_rat_gold_closets
D:2:      layout_rooms, overflow_temple_1_default, uniq_crazy_yiuf_cottage
D:3:      gammafunk_steamed_eel, layout_basic, gammafunk_temple_overflow_pools,
          minmay_door_square, chequers_arboretum, kennysheep_generic_room_2

Skill      XL: |  1  2 |
---------------+-------+-----
Stealth        | 3 |  3.0
Dodging        | |  2.6
Unarmed Combat | |  0.4
Spellcasting   | |  2.7
Summonings     | |  4.8

Action                   || total
-------------------------++-------
Melee: Unarmed           ||    31
       Bite              ||     2
 Cast: Summon Small Mamm ||    83
       Call Imp          ||    24
  Use: Scroll            ||     3
 Stab: Sleeping          ||     7
       Distracted        ||     1
Armor: Skin              ||     6
Dodge: Dodged            ||    28
